SNL (28 & UNDER)
WEST VIRGINIA POWER @ SANTA FE DIABLOS
05/04/2023
 
TOP OF THE 1ST
West Virginia Power batting - Pitching for Santa Fe Diablos : RHP Ron Young
Pitching: RHP Ron Young
Batting: RHB Alfonso Huertas 0-0: Foul Ball, location: 2F
0-1: Ball
1-1: TRIPLE (Line Drive, 8LM)
Batting: RHB Vicente Torres 0-0: Ball
1-0: Ball
2-0: Called Strike
2-1: Ground out 4-3 (Groundball, 34)
Alfonso Huertas scores
Batting: RHB Wilson Gonzáles 0-0: DOUBLE (Line Drive, 78D)
Batting: RHB Cristián Herrera 0-0: Foul Ball, location: 2F
0-1: Swinging Strike
0-2: Ground out 5-3 (Groundball, 5)
Batting: RHB Rubén Ayala 0-0: Called Strike
0-1: Swinging Strike
0-2: Ball
1-2: Strikes out looking
Top of the 1st over - 1 run(s), 2 hit(s), 0 error(s), 1 left on base; West Virginia 1 - Santa Fe 0
BOTTOM OF THE 1ST
Santa Fe Diablos batting - Pitching for West Virginia Power : RHP Enrique Rúbio
Pitching: RHP Enrique Rúbio
Batting: RHB Henning Huisman 0-0: Ball
1-0: Ground out 5-3 (Groundball, 56S)
Batting: LHB Juan Ontiveros 0-0: Foul Ball, location: 2F
0-1: Called Strike
0-2: Ball
1-2: Fly out, F7 (Flyball, 78M)
Batting: RHB Randy Sheppard 0-0: Called Strike
0-1: Ball
1-1: Ball
2-1: Ball
3-1: Swinging Strike
3-2: Foul Ball, location: 2F
3-2: Strikes out swinging
Bottom of the 1st over - 0 run(s), 0 hit(s), 0 error(s), 0 left on base; West Virginia 1 - Santa Fe 0
TOP OF THE 2ND
West Virginia Power batting - Pitching for Santa Fe Diablos : RHP Ron Young
Batting: RHB Raúl Torres 0-0: Ball
1-0: Ball
2-0: Called Strike
2-1: Ball
3-1: Base on Balls
Batting: LHB Ernie Jackson 0-0: Called Strike
0-1: Fly out, F7 (Flyball, 7M)
Batting: LHB Luis Pérez 0-0: Ball
Raúl Torres is caught stealing 2nd base
1-0: Foul Ball, location: 2F
1-1: Ball
2-1: Foul Ball, location: 2F
2-2: Foul Ball, location: 2F
2-2: Strikes out swinging
Top of the 2nd over - 0 run(s), 0 hit(s), 0 error(s), 0 left on base; West Virginia 1 - Santa Fe 0
BOTTOM OF THE 2ND
Santa Fe Diablos batting - Pitching for West Virginia Power : RHP Enrique Rúbio
Batting: LHB Roberto Sandoval 0-0: Called Strike
0-1: Foul Ball, location: 2F
0-2: Ball
1-2: Ball
2-2: Strikes out swinging
Batting: RHB Roberto Zamora 0-0: Ball
1-0: Called Strike
1-1: Ball
2-1: Called Strike
2-2: Foul Ball, location: 2F
2-2: DOUBLE (Line Drive, 8LM)
Batting: RHB Orlando González 0-0: Ball
1-0: 2-RUN HOME RUN (Line Drive, 7D), Distance : 349 ft
Batting: RHB Ánibal Gonzáles 0-0: Called Strike
0-1: Foul Ball, location: 2F
0-2: Ball
1-2: Ball
2-2: Foul Ball, location: 2F
2-2: Reached on error, E5 (Groundball, 56S)
Batting: LHB Don Soper 0-0: Swinging Strike
0-1: Ball
1-1: Ball
2-1: Ball
3-1: Fielders Choice at 2nd, 4-6 (Groundball, 4)
Batting: RHB Diego Francisco 0-0: Ball
1-0: Called Strike
1-1: Ball
2-1: Fly out, F4 (Popup, 4D)
Bottom of the 2nd over - 2 run(s), 2 hit(s), 1 error(s), 1 left on base; West Virginia 1 - Santa Fe 2
TOP OF THE 3RD
West Virginia Power batting - Pitching for Santa Fe Diablos : RHP Ron Young
Batting: RHB Jorge Ramírez 0-0: Ball
1-0: Ball
2-0: Ball
3-0: Base on Balls
Batting: RHB Alfonso Huertas 0-0: Fly out, F8 (Flyball, 8RM)
Batting: RHB Vicente Torres 0-0: Ball
1-0: Ball
2-0: Called Strike
2-1: Ball
3-1: Base on Balls
Jorge Ramírez to second
Batting: RHB Wilson Gonzáles 0-0: Ball
1-0: Called Strike
1-1: Foul Ball, location: 2F
1-2: Ball
2-2: Foul Ball, location: 2F
2-2: Foul Ball, location: 2F
2-2: Strikes out looking
Batting: RHB Cristián Herrera 0-0: Ball
1-0: Ball
2-0: Ball
3-0: Called Strike
3-1: Foul Ball, location: 2F
3-2: Base on Balls
Jorge Ramírez to third
Vicente Torres to second
Batting: RHB Rubén Ayala 0-0: Foul Ball, location: 2F
0-1: Swinging Strike
0-2: Ball
1-2: Fly out, F7 (Flyball, 7M)
Top of the 3rd over - 0 run(s), 0 hit(s), 0 error(s), 3 left on base; West Virginia 1 - Santa Fe 2
BOTTOM OF THE 3RD
Santa Fe Diablos batting - Pitching for West Virginia Power : RHP Enrique Rúbio
Batting: RHB Henning Huisman 0-0: Ball
1-0: SINGLE (Line Drive, 6)
Batting: LHB Juan Ontiveros 0-0: Called Strike
0-1: Grounds into double play, 5-4-3 (Groundball, 56)
Batting: RHB Randy Sheppard 0-0: Called Strike
0-1: Ball
1-1: Called Strike
1-2: Foul Ball, location: 2F
1-2: Ball
2-2: Ball
3-2: Base on Balls
Batting: LHB Roberto Sandoval 0-0: Ball
1-0: Foul Ball, location: 2F
1-1: Ball
2-1: Foul Ball, location: 2F
2-2: Strikes out swinging
Bottom of the 3rd over - 0 run(s), 1 hit(s), 0 error(s), 1 left on base; West Virginia 1 - Santa Fe 2
TOP OF THE 4TH
West Virginia Power batting - Pitching for Santa Fe Diablos : RHP Ron Young
Batting: RHB Raúl Torres 0-0: Bunt for hit - play at first, batter safe!
Batting: LHB Ernie Jackson 0-0: Called Strike
0-1: Ball
1-1: Ball
2-1: Foul Ball, location: 2F
2-2: Foul Ball, location: 2F
2-2: Strikes out swinging
Batting: LHB Luis Pérez 0-0: Called Strike
Raúl Torres steals 2nd base
0-1: Ball
1-1: Called Strike
1-2: Strikes out swinging
Batting: RHB Jorge Ramírez 0-0: Ball
1-0: Ball
2-0: Ground out 6-3 (Groundball, 6M)
Top of the 4th over - 0 run(s), 1 hit(s), 0 error(s), 1 left on base; West Virginia 1 - Santa Fe 2
BOTTOM OF THE 4TH
Santa Fe Diablos batting - Pitching for West Virginia Power : RHP Enrique Rúbio
Batting: RHB Roberto Zamora 0-0: Called Strike
0-1: Ball
1-1: Foul Ball, location: 2F
1-2: Ground out 4-3 (Groundball, 34)
Batting: RHB Orlando González 0-0: Called Strike
0-1: Fly out, F8 (Flyball, 8LM)
Batting: RHB Ánibal Gonzáles 0-0: Called Strike
0-1: Ball
1-1: Ball
2-1: Ground out 6-3 (Groundball, 56)
Bottom of the 4th over - 0 run(s), 0 hit(s), 0 error(s), 0 left on base; West Virginia 1 - Santa Fe 2
TOP OF THE 5TH
West Virginia Power batting - Pitching for Santa Fe Diablos : RHP Ron Young
Batting: RHB Alfonso Huertas 0-0: Called Strike
0-1: Ball
1-1: SINGLE (Groundball, 6) (infield hit)
Batting: RHB Vicente Torres 0-0: Ball
1-0: Swinging Strike
1-1: Swinging Strike
1-2: Ball
2-2: Foul Ball, location: 2F
2-2: Ball
3-2: Strikes out looking
Batting: RHB Wilson Gonzáles 0-0: Called Strike
0-1: Swinging Strike
0-2: Ball
1-2: SINGLE (Line Drive, 6MD)
Alfonso Huertas to second
Batting: RHB Cristián Herrera 0-0: Called Strike
Alfonso Huertas steals 3rd base
Wilson Gonzáles to second
0-1: Ground out 1-3 (Groundball, 13)
Batting: RHB Rubén Ayala 0-0: Ball
1-0: Foul Ball, location: 2F
1-1: Foul Ball, location: 2F
1-2: Strikes out swinging
Top of the 5th over - 0 run(s), 2 hit(s), 0 error(s), 2 left on base; West Virginia 1 - Santa Fe 2
BOTTOM OF THE 5TH
Santa Fe Diablos batting - Pitching for West Virginia Power : RHP Enrique Rúbio
Batting: LHB Don Soper 0-0: Ball
1-0: Swinging Strike
1-1: Foul Ball, location: 2F
1-2: Ball
2-2: Foul Ball, location: 2F
2-2: Ground out 3-1 (Groundball, 34S)
Batting: RHB Diego Francisco 0-0: SINGLE (Flyball, 56D)
Batting: RHB Henning Huisman 0-0: Called Strike
0-1: Swinging Strike
0-2: Strikes out swinging
Batting: LHB Juan Ontiveros 0-0: Ball
1-0: Foul Ball, location: 2F
1-1: Ball
2-1: Swinging Strike
2-2: Foul Ball, location: 2F
2-2: Foul Ball, location: 2F
2-2: Ball
3-2: Ground out 4-3 (Groundball, 4M)
Bottom of the 5th over - 0 run(s), 1 hit(s), 0 error(s), 1 left on base; West Virginia 1 - Santa Fe 2
TOP OF THE 6TH
West Virginia Power batting - Pitching for Santa Fe Diablos : RHP Ron Young
Pitching: RHP Clarence Allen
Batting: RHB Raúl Torres 0-0: Ball
1-0: Ball
2-0: Called Strike
2-1: Swinging Strike
2-2: Strikes out looking
Batting: LHB Ernie Jackson 0-0: Ball
1-0: Called Strike
1-1: Foul Ball, location: 2F
1-2: Ball
2-2: Ball
3-2: SINGLE (Groundball, 34D)
Batting: LHB Luis Pérez 0-0: Ball
1-0: DOUBLE (Groundball, 3L)
Ernie Jackson to third
Runner from 3rd tries for Home, throw and OUT!
Luis Pérez to third
Batting: RHB Jorge Ramírez 0-0: Called Strike
0-1: Ball
1-1: Foul Ball, location: 2F
1-2: Strikes out swinging
Top of the 6th over - 0 run(s), 2 hit(s), 0 error(s), 1 left on base; West Virginia 1 - Santa Fe 2
BOTTOM OF THE 6TH
Santa Fe Diablos batting - Pitching for West Virginia Power : RHP Enrique Rúbio
Now at SS: Jesús Ángel
Batting: RHB Randy Sheppard 0-0: Fly out, F8 (Flyball, 8RD)
Batting: LHB Roberto Sandoval 0-0: Called Strike
0-1: Foul Ball, location: 2F
0-2: Ball
1-2: Ball
2-2: Ball
3-2: Base on Balls
Batting: RHB Roberto Zamora 0-0: Called Strike
0-1: Ball
1-1: Ball
2-1: Called Strike
2-2: Ball
3-2: Strikes out swinging
Batting: RHB Orlando González 0-0: Called Strike
0-1: Called Strike
0-2: Ball
1-2: Ball
Roberto Sandoval steals 2nd base
2-2: Fly out, F9 (Flyball, 89M)
Bottom of the 6th over - 0 run(s), 0 hit(s), 0 error(s), 1 left on base; West Virginia 1 - Santa Fe 2
TOP OF THE 7TH
West Virginia Power batting - Pitching for Santa Fe Diablos : RHP Clarence Allen
Batting: RHB Alfonso Huertas 0-0: SINGLE (Groundball, 34D)
Batting: RHB Vicente Torres 0-0: Bunt missed!
0-1: Bunted foul
0-2: Foul Ball, location: 2F
0-2: Fly out, F7 (Line Drive, 8LXD)
Batting: RHB Wilson Gonzáles 0-0: Called Strike
0-1: Ball
1-1: Ball
2-1: Foul Ball, location: 2F
2-2: Ball
Alfonso Huertas steals 2nd base
3-2: SINGLE (Line Drive, 7S)
Alfonso Huertas to third
Runner from 3rd tries for Home, SAFE, no throw or cutoff
Batting: RHB Cristián Herrera 0-0: Ball
1-0: Foul Ball, location: 2F
1-1: Called Strike
1-2: Strikes out swinging
Batting: RHB Rubén Ayala 0-0: Fly out, F9 (Flyball, 9LSF)
Top of the 7th over - 1 run(s), 2 hit(s), 0 error(s), 1 left on base; West Virginia 2 - Santa Fe 2
BOTTOM OF THE 7TH
Santa Fe Diablos batting - Pitching for West Virginia Power : RHP Enrique Rúbio
Pitching: RHP Howard Baker
Pinch Hitting: RHB Sadayoshi Kato 0-0: Foul Ball, location: 2F
0-1: Ball
1-1: Foul Ball, location: 2F
1-2: Foul Ball, location: 2F
1-2: Ball
2-2: Strikes out swinging
Pitching: RHP Juan Herrera
Pinch Hitting: LHB Víctor Carrillo 0-0: Called Strike
0-1: Fly out, F9 (Line Drive, 9S)
Pitching: RHP Cory Lowe
Batting: RHB Diego Francisco 0-0: Called Strike
0-1: Swinging Strike
0-2: Strikes out swinging
Bottom of the 7th over - 0 run(s), 0 hit(s), 0 error(s), 0 left on base; West Virginia 2 - Santa Fe 2
TOP OF THE 8TH
West Virginia Power batting - Pitching for Santa Fe Diablos : RHP Clarence Allen
Pitching: RHP David Sheppard
Now at 3B: Sadayoshi Kato
Now at SS: Robinson Pacheco
Batting: RHB Raúl Torres 0-0: Ball
1-0: Called Strike
1-1: Ground out 4-3 (Groundball, 4M)
Batting: LHB Jesús Ángel 0-0: Ball
1-0: Ball
2-0: Ball
3-0: Base on Balls
Batting: LHB Luis Pérez 0-0: Called Strike
0-1: Called Strike
0-2: SINGLE (Groundball, 34D)
Jesús Ángel to second
Runner from 2nd tries for 3rd, SAFE, no throw or cutoff
Batting: RHB Jorge Ramírez 0-0: Called Strike
0-1: Ball
1-1: Called Strike
1-2: Strikes out swinging
Batting: RHB Alfonso Huertas 0-0: Ball
Balk!
Jesús Ángel scores
Luis Pérez to second
1-0: Swinging Strike
1-1: Ball
2-1: Ground out 1-3 (Groundball, 13)
Top of the 8th over - 1 run(s), 1 hit(s), 0 error(s), 1 left on base; West Virginia 3 - Santa Fe 2
BOTTOM OF THE 8TH
Santa Fe Diablos batting - Pitching for West Virginia Power : RHP Cory Lowe
Batting: RHB Henning Huisman 0-0: Ball
1-0: Ball
2-0: Foul Ball, location: 2F
2-1: Ball
3-1: DOUBLE (Flyball, 7D)
Batting: LHB Juan Ontiveros 0-0: Ball
1-0: Ball
2-0: Called Strike
2-1: Called Strike
2-2: Strikes out swinging
Batting: RHB Randy Sheppard 0-0: Foul Ball, location: 2F
0-1: Ball
1-1: Ball
2-1: Foul Ball, location: 2F
2-2: Ball
3-2: Base on Balls
Batting: LHB Roberto Sandoval 0-0: Swinging Strike
0-1: Ball
1-1: Ball
2-1: Grounds into double play, 1-6-3 (Groundball, 13)
Bottom of the 8th over - 0 run(s), 1 hit(s), 0 error(s), 1 left on base; West Virginia 3 - Santa Fe 2
TOP OF THE 9TH
West Virginia Power batting - Pitching for Santa Fe Diablos : RHP David Sheppard
Pitching: RHP Tex Perkins
Batting: RHB Vicente Torres 0-0: Ball
1-0: Ball
2-0: Called Strike
2-1: Called Strike
2-2: Fly out, F7 (Flyball, 7D)
Batting: RHB Wilson Gonzáles 0-0: Called Strike
0-1: Called Strike
0-2: Ball
1-2: Strikes out swinging
Batting: RHB Cristián Herrera 0-0: Called Strike
0-1: Ball
1-1: Foul Ball, location: 2F
1-2: Strikes out swinging
Top of the 9th over - 0 run(s), 0 hit(s), 0 error(s), 0 left on base; West Virginia 3 - Santa Fe 2
BOTTOM OF THE 9TH
Santa Fe Diablos batting - Pitching for West Virginia Power : RHP Cory Lowe
Batting: RHB Roberto Zamora 0-0: Foul Ball, location: 2F
0-1: Swinging Strike
0-2: Ball
1-2: Foul Ball, location: 2F
1-2: Ground out 5-3 (Groundball, 5L)
Batting: RHB Orlando González 0-0: Ball
1-0: Swinging Strike
1-1: Foul Ball, location: 2F
1-2: SINGLE (Groundball, 6MD)
Batting: RHB Sadayoshi Kato 0-0: Ball
1-0: SINGLE (Flyball, 9LS)
Orlando González to second
Runner from 2nd tries for 3rd, SAFE, throw made to third
Batting: RHB Robinson Pacheco 0-0: Called Strike
0-1: Ball
1-1: Ball
2-1: Foul Ball, location: 2F
2-2: Foul Ball, location: 2F
2-2: SINGLE (Groundball, 56D)
Orlando González scores
Sadayoshi Kato to second
Pitching: RHP Ramiro Fernández
Pinch Runner at 2nd Gerardo Álvarez:
Pinch Hitting: RHB Bill Finley 0-0: Grounds into double play, 1-6-3 (Groundball, 13)
Bottom of the 9th over - 1 run(s), 3 hit(s), 0 error(s), 1 left on base; West Virginia 3 - Santa Fe 3
TOP OF THE 10TH
West Virginia Power batting - Pitching for Santa Fe Diablos : RHP Tex Perkins
Now at C: Michael Anderson
Now at 3B: Bill Finley
Batting: RHB Rubén Ayala 0-0: Foul Ball, location: 2F
0-1: Ball
1-1: Fly out, F3 (Popup, 3S)
Batting: RHB Raúl Torres 0-0: TRIPLE (Flyball, 8RXD)
Batting: LHB Jesús Ángel 0-0: Called Strike
0-1: Ball
1-1: Ball
2-1: Called Strike
2-2: Ball
3-2: Foul Ball, location: 2F
3-2: Ground out 3-1 (Groundball, 34S)
Batting: LHB Luis Pérez 0-0: Ball
1-0: Ball
2-0: Ball
3-0: Base on Balls
Batting: RHB Jorge Ramírez 0-0: Ball
1-0: Ball
2-0: Ball
3-0: Called Strike
3-1: Called Strike
3-2: Strikes out looking
Top of the 10th over - 0 run(s), 1 hit(s), 0 error(s), 2 left on base; West Virginia 3 - Santa Fe 3
BOTTOM OF THE 10TH
Santa Fe Diablos batting - Pitching for West Virginia Power : RHP Ramiro Fernández
Pinch Hitting: RHB Júlio López 0-0: Ball
1-0: Called Strike
1-1: Called Strike
1-2: Foul Ball, location: 2F
1-2: Ball
2-2: Strikes out swinging
Batting: LHB Juan Ontiveros 0-0: Swinging Strike
0-1: SINGLE (Flyball, 56D)
Batting: RHB Randy Sheppard 0-0: Called Strike
0-1: Ball
1-1: Ball
2-1: Fly out, F7 (Flyball, 78M)
Batting: LHB Roberto Sandoval 0-0: Ball
1-0: Called Strike
1-1: Foul Ball, location: 2F
1-2: Strikes out swinging
Bottom of the 10th over - 0 run(s), 1 hit(s), 0 error(s), 1 left on base; West Virginia 3 - Santa Fe 3
TOP OF THE 11TH
West Virginia Power batting - Pitching for Santa Fe Diablos : RHP Tex Perkins
Pitching: LHP Doug Starks
Now in LF: Ray Davis
Batting: RHB Alfonso Huertas 0-0: Foul Ball, location: 2F
0-1: Ball
1-1: Called Strike
1-2: DOUBLE (Line Drive, 7LS)
Batting: RHB Vicente Torres 0-0: Called Strike
0-1: Swinging Strike
0-2: Ground out 5-3 (Groundball, 5L)
Batting: RHB Wilson Gonzáles 0-0: Ball
1-0: Ball
2-0: Swinging Strike
2-1: Foul Ball, location: 2F
2-2: Ball
3-2: Strikes out swinging
Batting: RHB Cristián Herrera 0-0: Foul Ball, location: 2F
0-1: Called Strike
0-2: Foul Ball, location: 2F
0-2: Ball
1-2: Ball
2-2: Foul Ball, location: 2F
2-2: Ball
3-2: Base on Balls
Batting: RHB Rubén Ayala 0-0: Foul Ball, location: 2F
0-1: Ball
1-1: Foul Ball, location: 2F
1-2: Fly out, F7 (Flyball, 78M)
Top of the 11th over - 0 run(s), 1 hit(s), 0 error(s), 2 left on base; West Virginia 3 - Santa Fe 3
BOTTOM OF THE 11TH
Santa Fe Diablos batting - Pitching for West Virginia Power : RHP Ramiro Fernández
Batting: RHB Roberto Zamora 0-0: Ball
1-0: Called Strike
1-1: SINGLE (Groundball, 5D)
Batting: RHB Orlando González 0-0: Ball
1-0: Sac Bunt - play at first, batter OUT! 1-4
Roberto Zamora to second
Batting: RHB Michael Anderson 0-0: Ball
1-0: SINGLE (Groundball, 6M)
Roberto Zamora to third
Runner from 3rd tries for Home, SAFE, no throw or cutoff
This league is powered by Out of the Park Baseball, the baseball management simulation game for PC, Mac and Linux
Wednesday, December 2nd, 2015 - OOTP Baseball 16.8 Build 38